 Dungeon Crawl Stone Soup version 0.29.1-13-g9f3cf754e1 (webtiles) character file.

Game seed: 12101265963541461267

96 Thatpatchoflichen the Trooper (level 4, -1/52 HPs)
             Began as an Ogre Monk on Feb 10, 2023.
             Killed from afar by a white imp (10 damage)
             ... with a puff of frost
             ... summoned by Natasha
             ... on level 2 of the Dungeon.
             The game lasted 00:05:59 (2875 turns).

Thatpatchoflichen the Trooper (Ogre Monk)           Turns: 2875, Time: 00:06:00

Health: -1/52      AC:  3    Str: 17    XL:     4   Next: 67%
Magic:  4/4        EV: 10    Int: 11    God:
Gold:   114        SH:  0    Dex: 11    Spells: 3/3 levels left

rFire   . . .      SeeInvis .   a - +0 mace
rCold   . . .      Faith    .   (no shield)
rNeg    . . .      Spirit   .   b - +0 robe
rPois   .          Reflect  .   (helmet restricted)
rElec   .          Harm     .   (no cloak)
rCorr   .          Rampage  .   (gloves unavailable)
Will    .....                   (boots unavailable)
Stlth   ++........              (no amulet)
HPRegen 0.17/turn               (no ring)
MPRegen 0.09/turn               (no ring)

@: no status effects
A: large, unfitting armour, tough skin 1
a: no special abilities


You were on level 2 of the Dungeon.
You visited 1 branch of the dungeon, and saw 3 of its levels.

You collected 114 gold pieces.

Inventory:

Hand Weapons
 a - a +0 mace (weapon)
Missiles
 g - 4 boomerangs (quivered)
 m - 6 datura-tipped darts
Armour
 b - a +0 robe (worn)
Jewellery
 d - a ring of wizardry
Scrolls
 e - a scroll of noise {unknown}
 f - a scroll of blinking {unknown}
 h - 5 scrolls of identify {unknown}
 l - a scroll of magic mapping {unknown}
 o - 2 scrolls of teleportation {unknown}
 t - a scroll of summoning {unknown}
Potions
 c - a potion of ambrosia
 i - a potion of brilliance {unknown}
 j - 2 potions of curing {unknown}
 k - 2 potions of lignification {unknown}
 n - a potion of resistance {unknown}
 p - a potion of flight {unknown}
 q - a potion of might {unknown}
 r - a potion of heal wounds {unknown}
 s - a potion of degeneration {unknown}


   Skills:
 - Level 6.0 Fighting
 + Level 3.6 Maces & Flails
 - Level 2.6 Dodging
 - Level 1.4 Stealth


You had 3 spell levels left.
You didn't know any spells.
Your spell library contained the following spells:

 Spells                   Type           Power      Damage    Failure   Level
 Poisonous Vapours        Pois/Air       0%         N/A       47%         2
 Corpse Rot               Necr/Pois/Air  0%         N/A       98%         4


Dungeon Overview and Level Annotations

Branches:
Dungeon (3/15)

Altars:

Annotations:
D:2 Natasha
D:3 Terence


Innate Abilities, Weirdness & Mutations

You are too large for most types of armour.
You have tough skin. (AC +1)


Message History

Natasha stares at you and mumbles some strange words.
The magic dart hits you.
You thump Natasha!
Natasha is almost dead.
Natasha claws you!
* * * LOW HITPOINT WARNING * * *
You barely miss Natasha.
Natasha is almost dead.
Natasha claws you but does no damage.
You thump Natasha!
You kill Natasha!
Natasha growls in agony!
You start resting.
Natasha, Servant of Life and Death comes into view.
Natasha hisses angrily.
Natasha extends her claws.
You hit Natasha.
Natasha is moderately wounded.
Natasha claws you! Natasha barely misses you.
You closely miss Natasha.
Natasha is moderately wounded.
Natasha casts a spell.
You barely miss Natasha.
Natasha is moderately wounded.
Natasha casts a spell at you. You resist with some effort.
The white imp gestures at you. The puff of frost hits you!
You miss Natasha.
Natasha is moderately wounded.
Natasha closely misses you.
The white imp hits you but does no damage.
You hit Natasha but do no damage.
Natasha is moderately wounded.
Natasha casts a spell at you. The magic dart hits you!
* * * LOW HITPOINT WARNING * * *
The white imp gestures at you. The puff of frost hits you!
You die...

####.###..##'####.# ###### #.#
#.##..##.⌠.##..# #....# ##.#
##.#..##...##..######.##.# #...
#....##...##........#.##.# #...
#...##...##..#.####.#.##.# #...
#..++.⌠.++.....####.#.##.# #.##
##..##...##...>.....#.##.# #.#
#...##...##.5.####.#.##.# #.#
#.#..##...##.@## #.#.##.# #.#
#.##..##.⌠.##h.# #.#.##.###.##
#.###..##'####.# #........#...
###.####.........###............
#.<.).###.#####........####.####
#.###.###.# ########## #.# #.#
#.....# #.#### #.###.#####
#..... #.....# ######


You could see Natasha and a white imp (summoned).

Vanquished Creatures
  Natasha (D:2)
  2 adders (D:2)
  A worm (D:3)
  3 dart slugs
  An orc (D:2)
  5 ball pythons
  3 endoplasms
  3 giant cockroaches
  4 goblins
  4 hobgoblins
  2 quokkas
  3 bats
  7 kobolds
  A rat (D:1)
40 creatures vanquished.

Notes
Turn   | Place    | Note
-------+----------+-------------------------------------------
     0 | D:1      | Thatpatchoflichen the Ogre Monk began the quest for the
                  | Orb.
     0 | D:1      | Reached XP level 1. HP: 24/24 MP: 1/1
   249 | D:1      | Reached XP level 2. HP: 30/33 MP: 2/2
   364 | D:1      | Reached skill level 5 in Fighting
   980 | D:1      | Reached XP level 3. HP: 42/42 MP: 3/3
  1968 | D:2      | Reached skill level 6 in Fighting
  2479 | D:3      | Noticed Terence
  2581 | D:3      | Reached XP level 4. HP: 52/52 MP: 4/4
  2625 | D:3      | Found a faded altar of an unknown god.
  2712 | D:3      | Noticed Natasha
  2738 | D:2      | Killed Natasha
  2867 | D:2      | Noticed Natasha
  2875 | D:2      | Killed from afar by a white imp

Illustrated notes

Levels and vault maps discovered:
D:1:      dpeg_arrival_concentric_ovals, layout_basic
D:2:      layout_loops_ring, grunt_decor_arrowhead, minmay_octomino_j4
D:3:      layout_loops_ring, nicolae_kikubaaqudgha_miasma_corner,
          regret_index_temple_of_mockery, basic_ecumenical_altar,
          kennysheep_generic_room_7, uniq_natasha, uniq_crazy_yiuf_cottage,
          uniq_terence

Skill      XL: |  1  2  3 |
---------------+----------+-----
Fighting       | 5 6 |  6.0
Maces & Flails | 3 |  3.6
Dodging        | |  2.6
Stealth        | |  1.4

Action                   |  1- 3 |  4- 6 || total
-------------------------+-------+-------++-------
Melee: Mace              |    91 |    20 ||   111
       Punch             |       |     1 ||     1
 Stab: Sleeping          |       |     1 ||     1
Armor: Robe              |    31 |     8 ||    39
Dodge: Dodged            |    48 |    13 ||    61
